 Dungeon Crawl Stone Soup version 0.30-a0-777-ga9a30cbeda (webtiles) character file.

Game seed: 15785826008442966949

110 BRD the Ducker (level 4, 12/35 HPs)
             Began as a Demonspawn Gladiator on Feb 14, 2023.
             Quit the game on level 2 of the Dungeon.
             The game lasted 00:01:52 (798 turns).

BRD the Ducker (Demonspawn Gladiator)                Turns: 798, Time: 00:01:53

Health: 12/35      AC:  4    Str: 16    XL:     4   Next: 61%
Magic:  4/4        EV: 15    Int:  9    God:
Gold:   77         SH:  0    Dex: 15    Spells: 3/3 levels left

rFire   + . .      SeeInvis +    a - +0 flail
rCold   . . .      Faith    .    (no shield)
rNeg    . . .      Spirit   .    b - +0 leather armour
rPois   .          Reflect  .    c - +0 helmet
rElec   .          Harm     .    (no cloak)
rCorr   .          Rampage  .    (no gloves)
Will    .....                    (no boots)
Stlth   +                        (no amulet)
HPRegen 0.25/turn                l - ring of protection from fire
MPRegen 0.09/turn                m - ring of see invisible

@: no status effects
A: repulsion field 1, weakness stinger 1
a: no special abilities


You were on level 2 of the Dungeon.
You visited 1 branch of the dungeon, and saw 2 of its levels.

You collected 77 gold pieces.

Inventory:

Hand Weapons
 a - a +0 flail (weapon)
Missiles
 d - 3 throwing nets (quivered)
 f - 3 poisoned darts
Armour
 b - a +0 leather armour (worn)
 c - a +0 helmet (worn)
Jewellery
 l - a ring of protection from fire (left hand)
 m - a ring of see invisible (right hand)
Scrolls
 g - 2 scrolls of identify {unknown}
 h - 2 scrolls of teleportation {unknown}
 i - a scroll of silence {unknown}
 j - a scroll of poison {unknown}
Potions
 k - a potion of lignification {unknown}


   Skills:
 + Level 3.2 Fighting
 + Level 3.5 Maces & Flails
 - Level 2.0 Throwing
 + Level 3.5 Dodging


You had 3 spell levels left.
You didn't know any spells.
Your spell library was empty.

Dungeon Overview and Level Annotations

Branches:
Dungeon (2/15)

Altars:


Innate Abilities, Weirdness & Mutations

You are surrounded by a mild repulsion field. (EV +2)
You have a small tail.


Message History

The necrophage closely misses you. x2
You barely miss the necrophage.
The necrophage is severely damaged.
The necrophage closely misses you.
You hit the necrophage but do no damage.
The necrophage is severely damaged.
The necrophage barely misses you.
You barely miss the necrophage.
The necrophage is severely damaged.
The necrophage hits you.
You closely miss the necrophage.
The necrophage is severely damaged.
The necrophage barely misses you. The necrophage hits you.
You feel drained.
You closely miss the necrophage.
The necrophage is severely damaged.
The necrophage completely misses you.
You hit the necrophage.
The necrophage is almost destroyed.
The necrophage closely misses you.
You hit the necrophage but do no damage.
The necrophage is almost destroyed.
The necrophage hits you!
You feel drained.
You are too injured to fight recklessly!
You are too injured to fight recklessly!
You are too injured to fight recklessly!
You are too injured to fight recklessly!
You are too injured to fight recklessly!
You are too injured to fight recklessly!
You are too injured to fight recklessly!
You barely miss the necrophage.
The necrophage is almost destroyed.
The necrophage barely misses you. The necrophage hits you.
You hit the necrophage.
You destroy the necrophage!
Your life force feels restored.
Your Fighting skill increases to level 3!
You have reached level 4!
You feel agile.
Your demonic ancestry asserts itself...
You grow a small tail.
Are you sure you want to abandon this character and quit the game? (Confirm with "yes".)

.......#+###.#......
##...
........##.......<
.(#..##
#.....##..##.#.#
.......
#.....##..##.#..
.......
#.....##.###.##.
....#.
#....>'..###'##'
#...##.....###.......
#....<...# #.......
##@......# #.......
#.......# #.......
#.......# #.......
#.......# #.......
#.......# #.......
#.......# #.......
...........
...........


There were no monsters in sight!

Vanquished Creatures
  A necrophage (D:2)
  2 dart slugs (D:1)
  7 endoplasms (D:1)
  5 giant cockroaches (D:1)
  A goblin (D:1)
  2 hobgoblins (D:1)
  3 jackals (D:2)
  7 ball pythons (D:1)
  4 bats (D:1)
  5 frilled lizards (D:1)
  2 kobolds (D:1)
  A rat (D:1)
40 creatures vanquished.

Notes
Turn   | Place    | Note
-------+----------+-------------------------------------------
     0 | D:1      | BRD the Demonspawn Gladiator began the quest for the Orb.
     0 | D:1      | Reached XP level 1. HP: 16/16 MP: 1/1
   127 | D:1      | Gained mutation: You are surrounded by a mild repulsion
                  | field. (EV +2) [demonic ancestry]
   127 | D:1      | Reached XP level 2. HP: 22/22 MP: 2/2
   353 | D:1      | Reached XP level 3. HP: 26/28 MP: 3/3
   782 | D:2      | Noticed a necrophage
   797 | D:2      | Killed a necrophage
   798 | D:2      | Gained mutation: You have a small tail. [demonic ancestry]
   798 | D:2      | Reached XP level 4. HP: 12/35 MP: 4/4
   798 | D:2      | Quit the game

Illustrated notes

Levels and vault maps discovered:
D:1:      wander_arrival_estate, layout_rooms, st_stairs_11
D:2:      layout_basic, minivault_5, minivault_11

Skill      XL: |  1  2  3 |
---------------+----------+-----
Throwing       | 2 |  2.0
Dodging        | 3 |  3.5
Maces & Flails | 3 |  3.5
Fighting       | 3 |  3.2

Action                     |  1- 3 |  4- 6 || total
---------------------------+-------+-------++-------
  Melee: Flail             |   113 |       ||   113
  Throw: Javelin           |     1 |       ||     1
 Armour: Leather armour    |    33 |       ||    33
  Dodge: Dodged            |   101 |       ||   101

Table legend: (Time is in decaauts)
 A = Elapsed time spent in this place.
 B = Non-inter-level travel time spent in this place.
 C = Inter-level travel time spent in this place.
 D = Time resting spent in this place.
 E = Time spent auto-exploring this place.
 F = Levels seen in this place.
 G = Mean time per level.
                   A        B        C        D        E       F      G
               +--------+--------+--------+--------+--------+-----+--------+
         Total |    825 |    790 |     35 |      0 |    539 |   2 |  412.5 |
       Dungeon |    825 |    790 |     35 |      0 |    539 |   2 |  412.5 |
               +--------+--------+--------+--------+--------+-----+--------+

Top non-repeatable levels by time:
     D:1: 705 daAuts
     D:2: 119 daAuts
